Map: Blackburn LE

Players

milkicow

  • Race: Terran Terran

DnS - Winner!

  • Race: Protoss Protoss

Event: DreamHack SC2 Masters 2021 Fall

VOD

Have the link to the VOD?

Description

Time

  • Played on: Aug. 8, 2021, 1:54 p.m.
  • Length: 10:33

All games in this series

Show
View Real Time Build Order
Export as new Build Order

milkicow Terran 

Build Orders: Banshee Rush 

Get SALT Encoding   

  12  0:00  SCV  
  13  0:12  SCV  
  14  0:17  Supply Depot  
  14  0:24  SCV  
  15  0:38  SCV  
  15  0:39  Barracks  
  16  0:44  Refinery  
  16  0:50  SCV  
  17  1:02  SCV  
  18  1:15  SCV  
  19  1:27  Orbital Command  
  19  1:28  Marine  
  20  1:44  Command Center  
  21  1:57  SCV  
  21  1:58  Factory  
  21  2:04  Barracks Reactor  
  21  2:09  Supply Depot  
  21  2:11  SCV  
  22  2:17  Refinery  
  22  2:24  SCV  
  23  2:36  SCV  
  24  2:41  Marine x2  
  24  2:43  Starport  
  26  2:47  Widow Mine  
  26  2:48  SCV  
  29  2:56  Orbital Command  
  29  3:00  Marine, SCV  
  29  3:03  Marine  
  32  3:09  Widow Mine  
  32  3:12  SCV  
  35  3:19  Marine, Medivac  
  37  3:21  Marine  
  37  3:23  SCV  
  37  3:26  SCV  
  41  3:31  Supply Depot  
  41  3:32  Factory Tech Lab  
  41  3:35  SCV  
  41  3:37  Marine  
  41  3:38  SCV  
  44  3:42  Bunker  
  44  3:47  SCV  
  45  3:50  SCV  
  46  3:58  Banshee, Cloaking Field  
  46  3:59  SCV  
  46  4:00  Marine  
  46  4:02  SCV, Supply Depot  
  52  4:04  Marine  
  52  4:06  Factory Tech Lab  
  53  4:11  SCV  
  53  4:13  Supply Depot  
  54  4:23  SCV  
  53  4:25  SCV  
  53  4:28  Cyclone  
  53  4:30  Marine  
  53  4:31  Marine  
  57  4:35  SCV  
  57  4:37  Supply Depot  
  59  4:38  SCV  
  59  4:43  Banshee  
  62  4:49  SCV  
  62  4:50  Marine x2  
  60  4:56  SCV  
  61  5:00  Command Center  
  61  5:01  Siege Tank  
  61  5:06  Barracks  
  64  5:07  SCV  
  64  5:09  Barracks  
  64  5:10  Marine x2  
  64  5:11  SCV  
  68  5:19  SCV  
  68  5:20  Engineering Bay  
  69  5:21  Engineering Bay  
  69  5:22  Refinery  
  69  5:23  SCV  
  69  5:27  Marine  
  69  5:28  Supply Depot  
  71  5:34  Marine  
  71  5:35  SCV  
  73  5:36  Siege Tank  
  76  5:43  SCV  
  76  5:45  Marine, Starport Reactor  
  79  5:50  SCV  
  79  5:51  Terran Infantry Weapons Level 1  
  79  5:53  Refinery, Supply Depot  
  79  5:55  SCV  
  77  6:02  SCV  
  77  6:03  Barracks  
  78  6:04  Terran Infantry Armor Level 1  
  78  6:05  Barracks  
  78  6:08  Marine x2, SCV  
  78  6:13  Orbital Command  
  78  6:17  Stimpack  
  78  6:18  Marine x2  
  78  6:21  Missile Turret  
  78  6:23  Missile Turret  
  78  6:25  Factory Tech Lab  
  80  6:28  SCV x2  
  80  6:31  Marine  
  83  6:32  Medivac  
  83  6:34  Marine  
  83  6:36  Marine  
  85  6:40  SCV x2  
  85  6:42  Marine, Medivac  
  90  6:49  Marine  
  90  6:50  Orbital Command  
  90  6:52  Marine, Supply Depot, SCV  
  90  6:53  SCV  
  94  6:56  Marine, Siege Tank, Missile Turret  
  94  6:59  Marine  
  99  7:03  Marine x2  
  99  7:04  Refinery, SCV  
  99  7:05  SCV  
  99  7:06  Combat Shield  
  103  7:08  Marine  
  103  7:14  Medivac  
  106  7:16  SCV  
  106  7:17  SCV x2  
  106  7:18  Marine, Missile Turret  
  106  7:21  Marine x2  
  111  7:24  Marine  
  111  7:25  Marine  
  111  7:26  Marine  
  111  7:28  SCV  
  111  7:29  SCV  
  115  7:30  SCV  
  115  7:34  Ghost Academy  
  115  7:36  Marine  
  117  7:41  Marine x2  
  117  7:42  SCV  
  117  7:44  Marine  
  117  7:49  Supply Depot  
  117  7:54  Supply Depot  
  117  7:55  Refinery, Supply Depot  
  117  7:57  Marine x3, SCV  
  117  7:58  SCV x2  
  123  8:00  Barracks Reactor  
  123  8:04  Enhanced Shockwaves  
  125  8:07  Factory Tech Lab  
  125  8:08  Concussive Shells  
  125  8:10  Ghost  
  125  8:11  Marine  
  126  8:14  Ghost  
  126  8:16  SCV  
  126  8:17  Armory, Engineering Bay  
  126  8:19  Marine, Marauder  
  132  8:27  SCV  
  132  8:29  Marine  
  132  8:32  Viking, Siege Tank  
  132  8:33  Viking  
  136  8:37  Marine  
  136  8:39  Marauder  
  136  8:40  Marine  
  136  8:41  Marauder  
  136  8:44  Marauder  
  133  8:51  Marine  
  133  8:52  Marine  
  133  8:53  SCV  
  134  8:59  Marine, Command Center  
  134  9:00  Marauder  
  134  9:02  Marine, Marauder  
  140  9:05  Siege Tank, Marauder  
  145  9:10  Viking x2  
  145  9:16  Marine  
  149  9:18  Supply Depot  
  149  9:21  Supply Depot  
  149  9:22  Marauder  
  149  9:23  Supply Depot  
  151  9:25  Marauder  
  151  9:27  Marine  
  151  9:28  Marauder  
  156  9:33  Marine  
  157  9:40  Marine, Barracks  
  157  9:41  Barracks  
  157  9:43  Bunker  
  157  9:44  Marauder  
  157  9:45  Marine  
  160  9:47  Supply Depot, Marauder  
  124  10:00  Marine  
  124  10:01  Marauder  
  124  10:03  SCV, Medivac  
  124  10:05  Marauder  
  124  10:06  SCV  
  98  10:08  Marauder  
Show
View Real Time Build Order
Export as new Build Order

DnS Protoss - Winner!

Build Orders: 1 Gate Expand, Phoenix Opening, Colossus Rush 

Get SALT Encoding   

  12  0:00  Probe  
  13  0:12  Probe  
  14  0:18  Pylon  
  14  0:24  Probe (Chrono Boost)  
  15  0:37  Gateway, Probe (Chrono Boost)  
  16  0:45  Probe (Chrono Boost)  
  16  0:46  Assimilator  
  17  0:51  Probe  
  18  1:03  Probe  
  19  1:15  Probe  
  20  1:25  Cybernetics Core  
  20  1:34  Nexus  
  20  1:37  Probe  
  21  1:44  Pylon  
  21  1:50  Probe  
  22  1:56  Assimilator  
  22  2:00  Adept (Chrono Boost)  
  22  2:02  Probe  
  25  2:14  Probe  
  26  2:19  Stargate  
  26  2:25  Adept  
  26  2:26  Probe  
  29  2:35  Warp Gate  
  29  2:38  Probe (Chrono Boost)  
  30  2:47  Probe (Chrono Boost)  
  30  2:50  Probe (Chrono Boost)  
  32  2:55  Adept  
  32  2:56  Probe (Chrono Boost)  
  32  2:57  Probe (Chrono Boost)  
  36  3:01  Probe (Chrono Boost)  
  36  3:04  Phoenix, Probe  
  40  3:11  Pylon  
  40  3:13  Probe (Chrono Boost)  
  42  3:22  Probe (Chrono Boost)  
  42  3:24  Probe (Chrono Boost)  
  42  3:26  Gateway  
  43  3:29  Probe (Chrono Boost)  
  43  3:30  Probe (Chrono Boost)  
  43  3:32  Phoenix  
  47  3:39  Probe  
  47  3:41  Assimilator, Probe  
  49  3:43  Assimilator  
  49  3:46  Pylon  
  49  3:53  Probe x2  
  51  3:57  Robotics Facility  
  51  4:00  Phoenix (Chrono Boost)  
  53  4:05  Probe x2  
  55  4:10  Pylon  
  55  4:17  Probe  
  55  4:23  Phoenix (Chrono Boost), Probe  
  59  4:29  Probe  
  59  4:30  Pylon  
  60  4:35  Probe  
  61  4:40  Nexus  
  61  4:50  Pylon  
  61  4:52  Observer (Chrono Boost)  
  62  4:53  Probe x2, Robotics Bay  
  62  4:57  Pylon  
  64  5:01  Phoenix (Chrono Boost)  
  64  5:05  Probe  
  64  5:06  Pylon, Probe  
  68  5:10  Observer (Chrono Boost)  
  68  5:13  Shield Battery  
  69  5:17  Shield Battery  
  69  5:23  Phoenix (Chrono Boost), Probe  
  69  5:24  Sentry  
  74  5:29  Probe  
  74  5:30  Shield Battery  
  74  5:35  Gateway  
  75  5:37  Probe  
  75  5:41  Probe  
  75  5:47  Colossus (Chrono Boost)  
  72  5:52  Probe x2  
  80  5:57  Probe  
  80  6:00  Extended Thermal Lance  
  81  6:06  Probe  
  81  6:07  Zealot x2  
  86  6:11  Twilight Council, Forge  
  86  6:12  Probe x2  
  88  6:18  Probe  
  88  6:23  Pylon  
  88  6:24  Probe x2  
  91  6:29  Colossus (Chrono Boost)  
  91  6:30  Probe  
  98  6:37  Protoss Ground Weapons Level 1 (Chrono Boost)  
  98  6:39  Charge, Phoenix  
  100  6:43  Probe x3  
  103  6:53  Assimilator  
  103  6:54  Assimilator  
  103  6:55  Probe x3  
  106  7:05  Gateway  
  106  7:06  Gateway  
  106  7:07  Gateway  
  106  7:08  Gateway  
  106  7:10  Gateway  
  106  7:15  Templar Archives  
  106  7:17  Colossus (Chrono Boost)  
  112  7:26  Zealot x3  
  118  7:30  Pylon x2  
  118  7:48  Nexus  
  118  7:50  Probe x3  
  121  7:51  Pylon  
  121  7:55  Gateway  
  121  7:56  Phoenix  
  121  7:58  Gateway  
  123  7:59  High Templar x2  
  123  8:02  Gateway  
  123  8:04  Archon  
  123  8:05  Gateway, Warp Prism  
  129  8:09  Sentry  
  129  8:11  High Templar  
  129  8:12  Pylon, High Templar  
  135  8:16  Archon  
  135  8:19  Gateway  
  135  8:23  Photon Cannon  
  135  8:33  Nexus  
  133  8:42  Observer  
  133  8:47  Zealot x4  
  133  8:48  Zealot x4  
  143  8:50  Pylon  
  143  8:51  Pylon  
  143  8:53  Pylon  
  143  8:55  Pylon  
  149  8:56  Pylon  
  149  8:58  Pylon  
  149  9:00  Pylon  
  149  9:17  High Templar x4  
  149  9:18  Zealot x5  
  149  9:21  Archon  
  149  9:22  Archon  
  167  9:35  Zealot  
  167  9:36  Zealot x2  
  167  9:37  Zealot  
  175  9:42  Stalker  
  175  9:43  Zealot x3  
  175  9:44  Zealot  
  183  9:51  Stalker x3  
  129  10:07  Zealot x3  
  129  10:08  Zealot x5  
  135  10:23  Zealot x5  

Tags
 
Add a new tag
Caveats
  • Supply blocks, unpowered buildings, or Contaminate may cause inaccurate times.
  • Supply counts are checked every 10 seconds.